 Dungeon Crawl Stone Soup version 0.31-a0-192-ga50d7bf3bb (webtiles) character file.

Game seed: 16680014357411222360

254 qw the Skirmisher (level 5, 0/31 HPs)
             Began as a Deep Elf Hunter on June 23, 2023.
             Succumbed to a scorpion's poison
             ... on level 4 of the Dungeon.
             The game lasted 00:01:13 (3097 turns).

qw the Skirmisher (Deep Elf Hunter)                 Turns: 3097, Time: 00:01:14

Health: 0/31       AC:  6    Str: 10    XL:     5   Next: 90%
Magic:  7/7        EV: 11    Int: 14    God:
Gold:   174        SH:  0    Dex: 18    Spells: 4/4 levels left

rFire   . . .        Y - +2 shortbow
rCold   . . .        (shield currently unavailable)
rNeg    . . .        e - +0 ring mail
rPois   .            d - +0 helmet
rElec   .            (no cloak)
rCorr   .            (no gloves)
SInv    .            (no boots)
Will    .....        (no amulet)
Stlth   +            (no ring)
HPRegen 0.25/turn    (no ring)
MPRegen 0.10/turn

%: no passive effects
@: lethally poisoned (0 -> -4)
A: no striking features
a: no special abilities


You were on level 4 of the Dungeon.
You visited 1 branch of the dungeon, and saw 4 of its levels.

You collected 174 gold pieces.


   Skills:
 - Level 2.4 Fighting
 + Level 9.0 Ranged Weapons
 - Level 2.4 Dodging
 - Level 1.2 Stealth


You had 4 spell levels left.
You didn't know any spells.
Your spell library was empty.

Inventory:

Hand Weapons
 Y - a +2 shortbow (weapon)
Armour
 d - a +0 helmet (worn)
 e - a +0 ring mail (worn)
Scrolls
 a - a scroll of identify
 f - a scroll of immolation {unknown}
Potions
 b - a potion of attraction {unknown}
 c - a potion of berserk rage {unknown}
 g - a potion of degeneration {unknown}

Dungeon Overview and Level Annotations

Branches:
Dungeon (4/15)
 Temple: D:4-7

Altars:
Ashenzari
Qazlal
The Shining One

Annotations:
D:2 1 runed translucent door, Crazy Yiuf


Message History

You shoot an arrow. The arrow closely misses the scorpion.
The scorpion stings you but does no damage.
You shoot an arrow. The arrow hits the scorpion.
The scorpion is moderately wounded.
The scorpion barely misses you. The scorpion stings you.
You are poisoned.
The scorpion poisons you!
You shoot an arrow.
The arrow hits the scorpion but does no damage.
The scorpion is moderately wounded.
You feel very sick. The scorpion barely misses you.
You shoot an arrow. The arrow closely misses the scorpion.
You feel sick. The scorpion closely misses you.
You shoot an arrow. The arrow closely misses the scorpion.
You feel sick.
The scorpion stings you but does no damage.
You shoot an arrow. The arrow hits the scorpion.
The scorpion is heavily wounded.
You feel sick. The scorpion closely misses you.
The scorpion stings you but does no damage.
You shoot an arrow. The arrow hits the scorpion.
The scorpion is severely wounded.
You feel sick. The scorpion stings you.
You are lethally poisoned!
The scorpion poisons you!
You shoot an arrow. The arrow hits the scorpion.
You kill the scorpion!
You feel very sick.
Your Fighting skill increases to level 2!
There is a lethal amount of poison in your body!
You feel sick.
There is a lethal amount of poison in your body!
You feel very sick.
There is a lethal amount of poison in your body!
You feel sick.
There is a lethal amount of poison in your body!
You feel sick.
There is a lethal amount of poison in your body!
You die...

.. #.# #.# #..#.# # #.#
#..#.# # #.# #..#.# #
#.# #..#.### # #.#
#######.....## #. #.#
#.............
.##..##.###.###..#....##
......%@.......#....%###
####.##.........._.....#
#........####...#.#.#
######........#...#.#
###.####...#.# # #.#
##.##.# # #.####..##[#
#..........#
#.##########


There were no monsters in sight!

Vanquished Creatures
  A scorpion (D:4)
  Ijyb (D:4)
  Natasha (D:3)
  Robin (D:4)
  6 adders
  A dart slug (D:4)
  2 ball pythons (D:2)
  9 endoplasms
  3 giant cockroaches (D:1)
  17 goblins
  12 hobgoblins
  5 quokkas
  2 bats
  5 frilled lizards
  5 kobolds
  9 rats
80 creatures vanquished.

Vanquished Creatures (others)
  A kraken (D:1)
  An octopode (D:1)
  A spriggan (D:1)
  A vampire (D:1)
  An ogre (D:1)
  A felid (D:1)
  A mummy (D:1)
  A goblin (D:4)
  A kobold (D:1)
  7 tentacles (D:1)
16 creatures vanquished.

Grand Total: 96 creatures vanquished

Notes
Turn   | Place    | Note
-------+----------+-------------------------------------------
     0 | D:1      | qw the Deep Elf Hunter began the quest for the Orb.
     0 | D:1      | Reached XP level 1. HP: 12/12 MP: 3/3
     0 | D:1      | Noticed an octopode
     0 | D:1      | Noticed a troll
     0 | D:1      | Noticed a troll
     0 | D:1      | Noticed a vampire
     0 | D:1      | Noticed a kraken
     0 | D:1      | Noticed an ogre
     0 | D:1      | Noticed a felid
     0 | D:1      | Noticed an octopode
     0 | D:1      | Noticed a spriggan
     0 | D:1      | Noticed a demonspawn
     0 | D:1      | Noticed a formicid
     0 | D:1      | 0 ||| qw: Version: 0.3-a-9-g12657ce
     0 | D:1      | 0 ||| qw: Game counter: 4589
     0 | D:1      | 0 ||| qw: Always use a shield: true
     0 | D:1      | 0 ||| qw: God list: Okawaru
     0 | D:1      | 0 ||| qw: Allow faded altars: false
     0 | D:1      | 0 ||| qw: Do Orc after D:15 true
     0 | D:1      | 0 ||| qw: Do second Lair branch before Depths: true
     0 | D:1      | 0 ||| qw: Lair rune preference: random
     0 | D:1      | 0 ||| qw: Plans: Normal
     0 | D:1      | 0 ||| PLANNING D:1-11
     8 | D:1      | Killed an octopode
     9 | D:1      | Killed a spriggan
    10 | D:1      | Killed a vampire
    11 | D:1      | Killed an ogre
    11 | D:1      | Killed a felid
    12 | D:1      | Killed a kraken
   125 | D:1      | Reached skill level 6 in Ranged Weapons
   125 | D:1      | Reached XP level 2. HP: 16/16 MP: 4/4
   544 | D:1      | Reached XP level 3. HP: 20/20 MP: 5/5
   913 | D:1      | 913 ||| UPGRADING to +0 ring mail.
   923 | D:1      | 923 ||| DROPPING +0 leather armour.
   924 | D:1      | 924 ||| READING scroll labelled HEIJEX FIEHI.
   925 | D:1      | 925 ||| READING scroll labelled WAD COFUIK.
   926 | D:1      | 926 ||| DROPPING scroll of butterflies.
   928 | D:1      | 928 ||| Stepping ~*~*~tactically~*~*~ (cloud).
  1026 | D:2      | Reached skill level 7 in Ranged Weapons
  1222 | D:2      | Reached XP level 4. HP: 25/25 MP: 6/6
  1247 | D:2      | HP: 6/25 [frilled lizard (2)]
  1537 | D:2      | 1537 ||| DROPPING +2 antimagic sling.
  1767 | D:2      | Found a stormy altar of Qazlal.
  1837 | D:2      | Found a runed translucent door.
  1838 | D:2      | Noticed Crazy Yiuf
  1841 | D:2      | 1841 ||| UPGRADING to +0 helmet.
  1846 | D:2      | 1846 ||| DROPPING +6 ring of intelligence.
  1847 | D:2      | 1847 ||| READING scroll labelled ZOIMPUR IL TID.
  1848 | D:2      | 1848 ||| READING scroll labelled VEAPTO EBBI.
  1849 | D:2      | 1849 ||| READING scroll labelled TERCHA HYIR.
  1850 | D:2      | 1850 ||| READING 2 scrolls labelled COACUS ITSOU.
  1851 | D:2      | 1851 ||| DROPPING scroll of noise.
  1955 | D:3      | Found a stormy altar of Qazlal.
  2130 | D:3      | Noticed Natasha
  2133 | D:3      | Killed Natasha
  2134 | D:3      | Reached skill level 8 in Ranged Weapons
  2270 | D:3      | Found a glowing golden altar of the Shining One.
  2306 | D:3      | Reached XP level 5. HP: 29/29 MP: 7/7
  2595 | D:3      | 2595 ||| READING 2 scrolls labelled TIMYKA BAUR.
  2596 | D:3      | 2596 ||| READING 2 scrolls labelled SUEMUCVICRI.
  2597 | D:3      | 2597 ||| READING scroll of enchant weapon.
  2597 | D:3      | 2597 ||| ENCHANTING +1 shortbow.
  2598 | D:3      | 2598 ||| READING scroll labelled EQUTHA PIMIO.
  2606 | D:4      | 2606 ||| Stepping ~*~*~tactically~*~*~ (outnumbered).
  2607 | D:4      | Noticed Robin
  2613 | D:4      | 2613 ||| Stepping ~*~*~tactically~*~*~ (outnumbered).
  2625 | D:4      | Killed Robin
  2687 | D:4      | 2687 ||| FLEEEEING.
  2688 | D:4      | 2688 ||| STAIRDANCE
  2847 | D:4      | Found a broken altar of Ashenzari.
  2865 | D:4      | Noticed Ijyb
  2869 | D:4      | 2869 ||| FLEEEEING.
  2870 | D:4      | 2870 ||| FLEEEEING.
  2871 | D:4      | 2871 ||| FLEEEEING.
  2874 | D:4      | 2874 ||| FLEEEEING.
  2875 | D:4      | 2875 ||| FLEEEEING.
  2876 | D:4      | 2876 ||| FLEEEEING.
  2935 | D:4      | Killed Ijyb
  2936 | D:4      | Reached skill level 9 in Ranged Weapons
  3092 | D:4      | HP: 7/29 [poisoned by a scorpion]
  3094 | D:4      | HP: 3/31 [poisoned by a scorpion]
  3096 | D:4      | HP: 1/31 [poisoned by a scorpion]
  3097 | D:4      | Succumbed to a scorpion's poison

Levels and vault maps discovered:
D:1:      nicolae_arrival_kraken_aquarium_a, layout_basic
D:2:      layout_loops_ring, basic_altar, uniq_crazy_yiuf_cottage
D:3:      cheibrodos_old_hovel, layout_basic, lemuel_round_altar,
          tso_oasis_becter, uniq_natasha
D:4:      layout_loops_ring, mainiacjoe_overflow_tiny_flanked,
          nicolae_ru_sacrificial_ziggurat, uniq_grinder, uniq_robin, uniq_ijyb

Skill      XL: |  1  2  3  4  5 |
---------------+----------------+-----
Ranged Weapons | 6 7 8 9 |  9.0
Fighting       | 2 |  2.4
Dodging        | |  2.4
Stealth        | |  1.2

Action                     |  1- 3 |  4- 6 || total
---------------------------+-------+-------++-------
  Melee: Unarmed           |       |    17 ||    17
   Fire: Shortbow          |    99 |   138 ||   237
    Use: Scroll            |     2 |     8 ||    10
 Armour: Leather armour    |     6 |       ||     6
         Ring mail         |    10 |    39 ||    49
         Skin              |       |     3 ||     3
  Dodge: Dodged            |    13 |    52 ||    65

Table legend:
 A = Non-vault XP
 B = Vault XP
 C = Vault XP percentage of total XP
 D = Non-vault monster count
 E = Vault monster count
 F = Vault count percentage of total count
                 A         B        C        D         E       F
            +---------+---------+-------+---------+---------+-------
      Total |     258 |     105 |  28.9 |      66 |      15 |  18.5
            +---------+---------+-------+---------+---------+-------
        D:1 |      52 |       0 |   0.0 |      29 |       0 |   0.0
        D:2 |      63 |       0 |   0.0 |      20 |       0 |   0.0
        D:3 |      46 |      37 |  44.6 |      14 |       2 |  12.5
        D:4 |      97 |      68 |  41.2 |       3 |      13 |  81.2
            +---------+---------+-------+---------+---------+-------
